 Dungeon Crawl Stone Soup version 0.17-a0-512-gd6a67cc (webtiles) character file.

4346 nubinia the Chiller (level 10, 31/85 HPs)
             Began as a Naga Ice Elementalist on Apr 11, 2015.
             Was an Elder of Vehumet.
             Quit the game on level 9 of the Dungeon.
             The game lasted 01:16:16 (12856 turns).

nubinia the Chiller (Naga Ice Elementalist)        Turns: 12856, Time: 01:16:16

Health: 31/85      AC: 20    Str: 15    XL:     10   Next: 34%
Magic:  19/19      EV: 11    Int: 18    God:    Vehumet [****..]
Gold:   367        SH:  0    Dex: 11    Spells: 6 memorised, 3 levels left

rFire  . . .     SeeInvis +     w - +1 mace (protect)
rCold  . . .     Clarity  .     y - +2 robe of the Rabble {MR+ Str+3 Stlth+}
rNeg   + . .     SustAb   +     (no shield)
rPois  +         Gourm    .     s - +0 helmet
rElec  .         Spirit   .     (no cloak)
rCorr  .         Warding  +     f - +1 pair of gloves
rMut   .         Stasis   .     (no barding)
MR     ++...                    G - amulet of warding
Stlth  ++++......               H - ring of wizardry
                                C - ring of sustain abilities

@: icy armour, studying Shields, drained, very slow, very resistant to hostile
enchantments, stealthy
A: see invisible, deformed body, poison resistance, slowness 2, spit poison 2,
AC +3
a: Spit Poison, Renounce Religion


You were on level 9 of the Dungeon.
You worshipped Vehumet.
Vehumet was greatly pleased with you.
You were near starving.

You visited 1 branch of the dungeon, and saw 9 of its levels.

You collected 367 gold pieces.

Inventory:

Hand weapons
 e - a +0 hand axe
 q - a +0 dagger of venom
 r - a +0 whip of electrocution
 w - a +1 mace of protection (weapon)
Missiles
 j - 158 stones (quivered)
Armour
 a - a +0 robe
 f - a +1 pair of gloves (worn)
 s - a +0 helmet (worn)
 y - the +2 robe of the Rabble (worn) {MR+ Str+3 Stlth+}
   (You found it on level 6 of the Dungeon)

   It affects your strength (+3).
   It affects your resistance to hostile enchantments.
   It makes you more stealthy.
Jewellery
 C - a ring of sustain abilities (left hand)
 G - an amulet of warding (around neck)
 H - a ring of wizardry (right hand)
Magical devices
 t - a wand of heal wounds (1)
Scrolls
 k - 2 scrolls of immolation
 m - a scroll of blinking {unknown}
 p - a scroll of recharging {unknown}
 v - a scroll of enchant armour
 B - a scroll of remove curse
 F - 2 scrolls of fear
 K - a scroll of amnesia
 M - a scroll of holy word {unknown}
Potions
 d - 3 potions of curing
 g - 2 potions of brilliance
 i - a potion of cancellation
 o - a potion of cure mutation {unknown}
 u - a potion of ambrosia
 x - a potion of degeneration
 z - a potion of restore abilities {unknown}
 A - a potion of lignification
 D - 2 potions of heal wounds
 J - a potion of flight {unknown}
Books
 b - a book of Frost

   Spells                             Type                      Level
   a - Freeze                         Ice                          1
   b - Throw Frost                    Conjuration/Ice              2
   c - Ozocubu's Armour               Charms/Ice                   3
   d - Throw Icicle                   Conjuration/Ice              4
   e - Summon Ice Beast               Ice/Summoning                4
   f - Condensation Shield            Ice                          4
 I - a Fen Folio

   Spells                             Type                      Level
   a - Corpse Rot                     Necromancy                   2
   b - Stone Arrow                    Conjuration/Earth            3
   c - Leda's Liquefaction            Hexes/Earth                  4
   d - Summon Forest                  Summoning/Translocation      5
   e - Hydra Form                     Transmutation                6
   f - Summon Hydra                   Summoning                    7
 L - a manual of Shields
Comestibles
 c - 8 bread rations
 h - 5 meat rations
 n - 3 beef jerkies
 E - 7 slices of pizza


   Skills:
 + Level 3.7(2.8) Fighting
 + Level 0.2(0.0) Short Blades
 + Level 0.6(1.0) Axes
 + Level 2.6(1.9) Maces & Flails
 + Level 5.7(4.8) Dodging
 + Level 5.8(5.0) Stealth
 + Level 6.3(5.4) Spellcasting
 * Level 6.2(5.3) Conjurations
 + Level 1.6(0.8) Charms
 * Level 2.4(1.6) Necromancy
 + Level 7.0(6.1) Ice Magic
 + Level 1.2(0.4) Air Magic
 + Level 1.6(0.9) Poison Magic


You had 3 spell levels left.
You knew the following spells:

 Your Spells              Type           Power        Failure   Level  Hunger
a - Freeze                Ice            ####         1%          1    None
b - Throw Frost           Conj/Ice       ####..       1%          2    #......
c - Mephitic Cloud        Conj/Pois/Air  ##......     2%          3    ##.....
d - Throw Icicle          Conj/Ice       ####....     1%          4    ####...
e - Bolt of Draining      Conj/Necr      ###.......   19%         5    ######.
o - Ozocubu's Armour      Chrm/Ice       ###.....     4%          3    ##.....


Dungeon Overview and Level Annotations

Branches:
Dungeon (9/15)             Temple (0/1) D:7             Orc (0/4) D:9
   Lair: D:8-11

Altars:
Makhleb
Vehumet

Shops:
D:6 }

Annotations:
D:6 Menkaure
D:7 exclusion: necrophage
D:8 Somebody's ghost, experienced MfCK


Innate Abilities, Weirdness & Mutations

You cannot wear boots.
Your serpentine skin is tough (AC +3).
You have supernaturally acute eyesight.
Armour fits poorly on your strangely shaped body.
Your system is resistant to poisons.
You cover ground very slowly.
You can spit poison.


Message History

Evoke which item? (* to show all) (? for menu, Esc to quit)
Okay, then.
You hit the wight but do no damage.
The wight is moderately damaged.
The wight barely misses you.
The wight hits you with an enchanted great sword!
You partially resist.
You feel drained.
Read which item? (? for menu, Esc to quit)
As you read the scroll of teleportation, it crumbles to dust.
You feel strangely unstable. The wight barely misses you.
The wight barely misses you.
Drink which item? (? for menu, Esc to quit)
Okay, then.
You hit the wight.
The wight is severely damaged.
The wight closely misses you. The wight hits you but does no damage.
You closely miss the wight.
The wight is severely damaged.
Your surroundings suddenly seem different.
Are you sure you want to abandon this character and quit the game? (Confirm with "yes".)

#########.#..............#....#.#
..........###....##########.#.#.#
#############....# #.#...#
.................# ###.###.#
#############....# #......)#
#........# #....# #.#.#.#.#
#>.......# ###### #.#.....#
#........# ##### #.#.#####
#........# #..@# #.#......
#........# #...########.#.#####
#........#####..........#........
#........................##.#####
########.#####...................
#.# #............#.##### #.#
###########.#######. #.#
#.#.....'. #.# #.#.....#.


There were no monsters in sight!

Vanquished Creatures
  2 yaks (D:9)
  A deep elf mage (D:9)
  A human (D:9)
  A wyvern (D:9)
  A hog (D:9)
  An ice beast (D:9)
  2 sky beasts
  5 orc warriors
  A phantom (D:8)
  4 ogres
  4 centaurs
  Blork the orc (D:4)
  3 giant frogs
  3 scorpions
  A wight (D:9)
  3 crimson imps
  A goliath beetle (D:5)
  3 orc priests
  A giant frog zombie (D:5)
  6 hounds
  A giant frog skeleton (D:8)
  3 gnoll shamans (D:4)
  3 jellies
  5 orc wizards
  2 iguanas
  6 worker ants
  A sheep (D:9)
  A worker ant zombie (D:5)
  Robin (D:4)
  8 adders
  9 river rats (D:6)
  34 gnolls
  A shadow imp (D:6)
  2 adder skeletons
  5 giant geckos
  21 orcs
  3 ball pythons
  19 bats
  6 giant cockroaches
  17 hobgoblins
  34 jackals
  13 kobolds
  6 quokkas
  A giant gecko skeleton (D:4)
  A giant gecko zombie (D:5)
  8 giant newts
  22 goblins
  29 rats
307 creatures vanquished.

Vanquished Creatures (others)
  A giant spore (D:6)
1 creature vanquished.

Grand Total: 308 creatures vanquished

Notes
Turn   | Place    | Note
--------------------------------------------------------------
     0 | D:1      | nubinia, the Naga Ice Elementalist, began the quest for the Orb.
     0 | D:1      | Reached XP level 1. HP: 15/15 MP: 3/3
   160 | D:1      | Reached XP level 2. HP: 17/22 MP: 0/5
   598 | D:1      | Learned a level 2 spell: Throw Frost
   747 | D:1      | Reached XP level 3. HP: 28/28 MP: 6/6
  1362 | D:1      | Learned a level 3 spell: Ozocubu's Armour
  1501 | D:2      | Reached XP level 4. HP: 19/36 MP: 5/7
  1766 | D:2      | Reached skill level 4 in Ice Magic
  2373 | D:3      | Found a radiant altar of Vehumet.
  2379 | D:3      | Became a worshipper of Vehumet
  3248 | D:4      | Noticed Robin
  3309 | D:4      | Reached XP level 5. HP: 23/42 MP: 9/9
  3575 | D:4      | Killed Robin
  3722 | D:4      | Noticed Blork the orc
  4334 | D:4      | Acquired Vehumet's first power
  4334 | D:4      | Offered knowledge of Sandblast by Vehumet.
  4374 | D:4      | Reached skill level 1 in Fighting
  4454 | D:4      | Noticed an ogre
  4465 | D:4      | Killed an ogre
  4465 | D:4      | Reached XP level 6. HP: 25/51 MP: 5/10
  5062 | D:4      | Reached XP level 7. HP: 57/57 MP: 7/12
  5466 | D:4      | Reached skill level 5 in Ice Magic
  5601 | D:5      | Entered Level 5 of the Dungeon
  5930 | D:4      | Reached skill level 1 in Charms
  6098 | D:5      | Reached XP level 8. HP: 58/67 MP: 10/14
  6129 | D:5      | Offered knowledge of Shock by Vehumet.
  6330 | D:5      | Found a burning altar of Makhleb.
  6490 | D:5      | Reached skill level 5 in Spellcasting
  6934 | D:5      | Reached skill level 6 in Ice Magic
  7165 | D:4      | Killed Blork the orc
  7176 | D:4      | Offered knowledge of Static Discharge by Vehumet.
  7675 | D:4      | Reached skill level 5 in Stealth
  7675 | D:4      | Reached XP level 9. HP: 74/74 MP: 13/17
  7681 | D:4      | Learned a level 4 spell: Throw Icicle
  7808 | D:4      | Acquired Vehumet's second power
  8014 | D:6      | Found Alonuh's Gadget Shop.
  8041 | D:6      | Got a fabulously ornate robe
  8646 | D:6      | Noticed Menkaure
  8696 | D:6      | Reached skill level 5 in Conjurations
  9163 | D:6      | Offered knowledge of Mephitic Cloud by Vehumet.
  9200 | D:6      | Reached skill level 1 in Maces & Flails
  9221 | D:6      | Learned a level 3 spell: Mephitic Cloud
  9783 | D:7      | Acquired Vehumet's third power
  9968 | D:7      | Identified the +2 robe of the Rabble {MR+ Str+3 Stlth+} (You found it on level 6 of the Dungeon)
 10002 | D:7      | Offered knowledge of Bolt of Draining by Vehumet.
 10191 | D:7      | Found a staircase to the Ecumenical Temple.
 10275 | D:7      | Learned a level 5 spell: Bolt of Draining
 11015 | D:8      | Noticed Somebody's ghost (experienced MfCK)
 11322 | D:9      | Reached skill level 1 in Necromancy
 11522 | D:9      | Reached skill level 5 in Dodging
 11532 | D:9      | Reached XP level 10. HP: 84/84 MP: 15/19
 12028 | D:9      | Reached skill level 1 in Poison Magic
 12320 | D:9      | Reached skill level 1 in Air Magic
 12335 | D:9      | Found a staircase to the Orcish Mines.
 12655 | D:9      | Reached skill level 7 in Ice Magic
 12856 | D:9      | Quit the game

Action                   |  1- 3 |  4- 6 |  7- 9 | 10-12 || total
-------------------------+-------+-------+-------+-------++-------
Melee: Unarmed           |     6 |       |       |       ||     6
       Hand axe          |    30 |    65 |       |       ||    95
       Dagger            |       |    46 |       |       ||    46
       Whip              |       |     1 |    16 |       ||    17
       Mace              |       |       |   443 |   105 ||   548
 Cast: Freeze            |    24 |    44 |   124 |     7 ||   199
       Ozocubu's Armour  |     1 |     2 |    19 |     2 ||    24
       Throw Frost       |       |     4 |    28 |    11 ||    43
       Mephitic Cloud    |       |       |    10 |    16 ||    26
       Throw Icicle      |       |       |     1 |       ||     1
 Abil: Spit Poison       |    33 |    37 |    87 |    23 ||   180
  Use: Scroll            |     2 |     3 |     9 |     2 ||    16
       Potion            |       |     1 |     2 |       ||     3
 Stab: Sleeping          |     1 |     6 |     8 |     1 ||    16
       Confused          |       |       |     2 |     2 ||     4
       Distracted        |       |       |     1 |       ||     1
  Eat: Chunk             |     4 |    14 |    26 |     6 ||    50
       Beef jerky        |       |       |     1 |       ||     1
